 Dungeon Crawl Stone Soup version 0.19.5 (webtiles) character file.

101 Peloso the Shield-Bearer (level 4, 0/60 HPs)
             Began as a Minotaur Fighter on Apr 22, 2017.
             Succumbed to Robin's poison
             ... on level 3 of the Dungeon.
             The game lasted 00:05:16 (1624 turns).

Peloso the Shield-Bearer (Minotaur Fighter)         Turns: 1624, Time: 00:05:17

Health: 0/60       AC: 22    Str: 21    XL:     4   Next: 48%
Magic:  3/3        EV:  2    Int: 10    God:
Gold:   86         SH:  9    Dex: 10    Spells: 0 memorised, 3 levels left

rFire  . . .     SeeInvis .     a - +0 long sword
rCold  . . .     Gourm    .     (armour currently unavailable)
rNeg   + + +     Faith    .     c - +0 shield
rPois  +         Spirit   .     (helmet currently unavailable)
rElec  .         Reflect  .     (cloak currently unavailable)
rCorr  .         Harm     .     (gloves currently unavailable)
MR     .....     NoTele   +     (boots currently unavailable)
Stlth  +.........               (no amulet)
                                (no ring)
                                (no ring)

@: brilliant, lethally poisoned (0 -> -11), tree-form
A: (retaliatory headbutt), (horns 0)
a: no special abilities


You were on level 3 of the Dungeon.
You were not hungry.
You were a tree.
You visited 1 branch of the dungeon, and saw 3 of its levels.

You collected 86 gold pieces.

Inventory:

Hand Weapons
 a - a +0 long sword (weapon)
Armour
 b - a +0 scale mail
 c - a +0 shield (worn)
 j - a +0 plate armour (melded)
 l - a +0 chain mail
Wands
 o - a wand of confusion (14/48)
Scrolls
 e - a scroll of fog {unknown}
 g - a scroll of teleportation {unknown}
 m - a scroll of amnesia {unknown}
 p - a scroll of identify {unknown}
Potions
 d - a potion of might
 k - a potion of brilliance
Books
 q - a book of Minor Magic

   Spells                             Type                      Level
   a - Magic Dart                     Conjuration                  1
   b - Blink                          Translocation                2
   c - Call Imp                       Summoning                    2
   d - Repel Missiles                 Charms/Air                   2
   e - Slow                           Hexes                        2
   f - Conjure Flame                  Conjuration/Fire             3
   g - Mephitic Cloud                 Conjuration/Poison/Air       3
Comestibles
 f - 2 bread rations
 i - 4 chunks of flesh


   Skills:
 + Level 4.2 Fighting
 + Level 3.3 Long Blades
 + Level 4.3 Armour
 + Level 0.9 Dodging
 + Level 0.1 Stealth
 + Level 4.7 Shields


You had 3 spell levels left.
You didn't know any spells.

Dungeon Overview and Level Annotations

Branches:
Dungeon (3/15)

Altars:
Nemelex Xobeh


Innate Abilities, Weirdness & Mutations

((You reflexively headbutt those who attack you in melee.))
((You have a pair of horns on your head.))


Message History

The giant cockroach bites you but does no damage.
You block the goblin's attack.
The giant cockroach bites you but does no damage.
You hit the goblin.
The goblin is moderately wounded.
* * * LOW HITPOINT WARNING * * *
You feel sick. You block the goblin's attack.
The giant cockroach bites you but does no damage.
The goblin hits you but does no damage.
Unknown command.
You closely miss the goblin.
The goblin is moderately wounded.
* * * LOW HITPOINT WARNING * * *
You feel sick.
The giant cockroach bites you but does no damage.
You block the goblin's attack. You block the giant cockroach's attack.
Unknown command.
Your shield prevents you from hitting the goblin.
The goblin is moderately wounded.
You die...

### ..# #.#
#.# #.#
######(#####
#........s.#
#.####.###♣#
#<# #g# #.#
#g# #.# #)#
#.. ...
#####.## #)#
#.# ..#


You could see a giant cockroach and 2 goblins.

Vanquished Creatures
  Robin (D:3)
  3 adders (D:2)
  A worm (D:2)
  2 dart slugs
  A leopard gecko (D:1)
  A ball python (D:1)
  A bat (D:2)
  3 giant cockroaches
  11 goblins
  7 hobgoblins
  5 jackals (D:2)
  7 kobolds
  3 frilled lizards
  8 rats
  A bush (D:1)
  A plant (D:1)
56 creatures vanquished.

Notes
Turn   | Place    | Note
-------+----------+-------------------------------------------
     0 | D:1      | Peloso the Minotaur Fighter began the quest for the Orb.
     0 | D:1      | Reached XP level 1. HP: 19/19 MP: 0/0
   211 | D:1      | Reached XP level 2. HP: 23/27 MP: 1/1
  1155 | D:2      | Found a sparkling altar of Nemelex Xobeh.
  1162 | D:2      | Reached XP level 3. HP: 32/33 MP: 2/2
  1544 | D:2      | Reached XP level 4. HP: 40/40 MP: 3/3
  1603 | D:3      | Noticed Robin
  1613 | D:3      | Killed Robin
  1622 | D:3      | HP: 2/60 [poisoned by Robin]
  1624 | D:3      | Succumbed to Robin's poison

Skill      XL: |  1  2  3 |
---------------+----------+-----
Armour         | 4 |  4.3
Fighting       | 4 |  4.2
Shields        | 4 |  4.7
Long Blades    | 3 |  3.3
Dodging        | |  0.9
Stealth        | |  0.1

Action                   |  1- 3 |  4- 6 || total
-------------------------+-------+-------++-------
Melee: Long sword        |   193 |    35 ||   228
       Headbutt          |    42 |     2 ||    44
  Use: Potion            |       |     3 ||     3
  Eat: Chunk             |     3 |       ||     3
Armor: Scale mail        |     9 |       ||     9
       Plate armour      |    87 |    18 ||   105
       Skin              |       |     7 ||     7
Dodge: Dodged            |    27 |     5 ||    32
Block: Shield            |    83 |    23 ||   106
       Rpst.: Long sword |     7 |     2 ||     9
